 Dungeon Crawl Stone Soup version 0.28.0-53-g5a82cb258f (webtiles) character file.

Game seed: 2951457964539502441

18 RUZZLEFAZAZZLE the Firebug (level 2, -2/23 HPs)
             Began as a Gnoll Wanderer on July 12, 2022.
             Slain by Natasha (7 damage)
             ... on level 2 of the Dungeon.
             The game lasted 00:03:05 (645 turns).

RUZZLEFAZAZZLE the Firebug (Gnoll Wanderer)          Turns: 645, Time: 00:03:06

Health: -2/23      AC:  2    Str: 10 (12) XL:     2   Next: 70%
Magic:  5/5        EV: 11    Int: 11 (13) God:
Gold:   25         SH:  0    Dex:  7 (8)  Spells: 5/6 levels left

rFire   . . .      SeeInvis .   a - +0 hand crossbow
rCold   . . .      Faith    .   (no shield)
rNeg    . . .      Spirit   .   d - +0 robe
rPois   .          Reflect  .   (no helmet)
rElec   .          Harm     .   (no cloak)
rCorr   .          Rampage  .   (no gloves)
Will    .....                   (no boots)
Stlth   ++........              (no amulet)
HPRegen 0.07/turn               (no ring)
MPRegen 0.09/turn               (no ring)

@: no status effects
A: fangs 1, strong nose, distributed training
a: no special abilities


You were on level 2 of the Dungeon.
You visited 1 branch of the dungeon, and saw 2 of its levels.

You collected 25 gold pieces.

Inventory:

Hand Weapons
 a - a +0 hand crossbow (weapon)
Missiles
 b - 33 bolts (quivered ammo)
Armour
 d - a +0 robe (worn)
Jewellery
 e - an amulet of faith
Wands
 c - a wand of flame (5)
Scrolls
 f - a scroll of teleportation {unknown}
 i - a scroll of immolation {unknown}
Potions
 h - a potion of might {unknown}


   Skills:
 + Level 2.5 Fighting
 + Level 0.5 Short Blades
 + Level 0.5 Long Blades
 + Level 0.5 Axes
 + Level 0.5 Maces & Flails
 + Level 0.5 Polearms
 + Level 0.5 Staves
 + Level 0.5 Slings
 + Level 0.5 Bows
 + Level 2.5 Crossbows
 + Level 0.5 Throwing
 + Level 2.5 Armour
 + Level 0.5 Dodging
 + Level 2.3 Stealth
 + Level 0.5 Shields
 + Level 0.5 Unarmed Combat
 + Level 2.7 Spellcasting
 + Level 0.3 Conjurations
 + Level 0.3 Hexes
 + Level 0.3 Summonings
 + Level 0.3 Necromancy
 + Level 0.3 Translocations
 + Level 0.3 Transmutations
 + Level 7.0 Fire Magic
 + Level 0.3 Ice Magic
 + Level 0.3 Air Magic
 + Level 0.3 Earth Magic
 + Level 0.3 Poison Magic
 + Level 0.6 Invocations
 + Level 2.5 Evocations


You had 5 spell levels left.
You knew the following spells:

 Your Spells              Type           Power      Damage    Failure   Level
a - Foxfire               Conj/Fire      36%        2x1d5     6%          1

Your spell library contained the following spells:

 Spells                   Type           Power      Damage    Failure   Level
 Conjure Flame            Conj/Fire      9%         6-21      19%         3
 Flame Wave               Conj/Fire      9%         2d5       52%         4


Dungeon Overview and Level Annotations

Branches:
Dungeon (2/15)

Altars:

Shops:
D:1 *

Annotations:
D:2 Natasha


Innate Abilities, Weirdness & Mutations

You have very sharp teeth.
Your uncanny sense of smell can sniff out nearby items.
Your experience applies equally to all skills.


Message History

Natasha is heavily wounded.
Natasha closely misses you.
You shoot a bolt. The bolt closely misses Natasha.
Natasha stares at you and mumbles some strange words.
The magic dart hits you! Natasha misses you.
You are too injured to fight recklessly!
You are too injured to fight recklessly!
Unknown command.
You are too injured to fight recklessly!
You are too injured to fight recklessly!
You are too injured to fight recklessly!
Really attack while wielding your +0 hand crossbow? [Y]es or [N]o only, please.
Really attack while wielding your +0 hand crossbow? [Y]es or [N]o only, please.
Really attack while wielding your +0 hand crossbow?
You barely miss Natasha.
Natasha is heavily wounded.
Natasha claws you.
* * * LOW HITPOINT WARNING * * *
Fire: 35 bolts
Press: ? - help, Q - select action, (/) - cycle Shift-Dir - straight line, f/p - Natasha
Aim: Natasha (heavily wounded, 53% to hit)
You shoot a bolt. The bolt hits Natasha.
Natasha is severely wounded.
Natasha howls an incantation.
You feel troubled. Natasha barely misses you.
Fire: 34 bolts
Press: ? - help, Q - select action, (/) - cycle Shift-Dir - straight line, f/p - Natasha
Aim: Natasha (severely wounded, 53% to hit)
You shoot a bolt. The bolt closely misses Natasha.
Natasha barely misses you. Natasha casts a spell at you.
You resist with significant effort.
It was a potion of degeneration.
There was something very wrong with that liquid.
You feel weakened.
You feel dopey.
You feel clumsy. Natasha claws you!
You die...

.#.#∆
.#.#
####...#
#(.....#
##......#
.(.....#
#h.....#
#@.....#
#......#
#......#
#.......#
#########


You could see Natasha.

Vanquished Creatures
  A ball python (D:1)
  An endoplasm (D:1)
  5 goblins (D:1)
  A hobgoblin (D:1)
  A bat (D:1)
  2 frilled lizards (D:1)
  2 kobolds (D:1)
  5 rats (D:1)
18 creatures vanquished.

Notes
Turn   | Place    | Note
-------+----------+-------------------------------------------
     0 | D:1      | RUZZLEFAZAZZLE the Gnoll Wanderer began the quest for the
                  | Orb.
     0 | D:1      | RUZZLEFAZAZZLE set off with the following items: a +0 hand
                  | crossbow, 28 bolts, a wand of flame (5), a +0 robe; and the
                  | following spell memorised: Foxfire; and the following
                  | spells available to memorise: Conjure Flame, Flame Wave
     0 | D:1      | Reached XP level 1. HP: 17/17 MP: 4/4
   129 | D:1      | Found Acuhiaxu's Assorted Antiques.
   134 | D:1      | Reached XP level 2. HP: 23/23 MP: 5/5
   634 | D:2      | Noticed Natasha
   645 | D:2      | Slain by Natasha

Illustrated notes

Levels and vault maps discovered:
D:1:      dpeg_arrival_short_road, layout_rooms, serial_shops,
          nicolae_diamond_shop
D:2:      minmay_diamond_boxcup, layout_rooms,
          dreamdust_ecumenical_altar_drowned_temple, uniq_jessica, uniq_natasha,
          uniq_sigmund

Action                   || total
-------------------------++-------
Melee: Hand crossbow     ||     1
 Fire: Hand crossbow     ||    46
  Use: Potion            ||     1
Armor: Robe              ||     3
Dodge: Dodged            ||    13
